 Dungeon Crawl Stone Soup version 0.32-a0-876-gcfddb08e57 (webtiles) character file.

Game seed: 17983350002763112031

285474 partyrob117 the Conqueror (level 19, -6/207 HPs)
             Began as a Minotaur Berserker on Mar 29, 2024.
             Was the Champion of Trog.
             Killed from afar by a ghostly deep elf annihilator (42 damage)
             ... with a crystal spear
             ... on level 3 of the Elven Halls on Apr 1, 2024.
             The game lasted 02:08:59 (33544 turns).

partyrob117 the Conqueror (Minotaur Berserker)     Turns: 33544, Time: 02:09:00

Health: -6/207     AC: 41    Str: 29    XL:     19   Next: 81%
Magic:  18/18      EV:  6    Int: 26    God:    Trog [******]
Gold:   711        SH: 16    Dex: 15    Spells: 18/18 levels left

rFire   . . .        l - +9 broad axe (drain)
rCold   + . .        y - +1 kite shield {AC+3}
rNeg    + . .        S - +8 crystal plate armour {rC+}
rPois   .            N - +2 hat {Int+3}
rElec   +            a - scarf of Nesseikitt {rC+ rF+, rN+ rCorr Int+2 Slay+2}
rCorr   +            e - +1 pair of gloves "Wierph" {rF- Regen+ Str+4 Int+5}
SInv    .            J - +0 pair of boots
Will    ++...        u - amulet "Xuka" {Acrobat rElec Int+6} Stlth
                     M - ring of willpower
HPRegen 1.34/turn    W - ring "Guomparch" {rF+ Int+4 Dex+2}
MPRegen 0.16/turn

%: acrobat
@: corroded
A: horns 2, retaliatory headbutt, evolution 1, cold vulnerability 1, heat
vulnerability 1
}: 2/15 runes: decaying, serpentine
a: Renounce Religion, Berserk, Trog's Hand, Brothers in Arms


You were on level 3 of the Elven Halls.
You worshipped Trog.
Trog was exalted by your worship.
You visited 6 branches of the dungeon, and saw 33 of its levels.
You visited the Abyss 1 time.
You also visited: Bailey and Ice Cave.

You collected 3609 gold pieces.
You spent 2898 gold pieces at shops.

Inventory:

Hand Weapons
 l - a +9 broad axe of draining (weapon)
Armour
 a - the scarf of Nesseikitt (worn) {rC+ rF+, rN+ rCorr Int+2 Slay+2}
   (You acquired it in a bailey)

   Int+2:     It affects your intelligence (+2).
   Slay+2:    It affects your accuracy & damage with ranged weapons and melee
   (+2).
   rN+:       It protects you from negative energy.
   rCorr:     It protects you from acid and corrosion.
 e - the +1 pair of gloves "Wierph" (worn) {rF- Regen+ Str+4 Int+5}
   (You acquired it in a bailey)

   Str+4:     It affects your strength (+4).
   Int+5:     It affects your intelligence (+5).
   rF-:       It makes you vulnerable to fire.
   Regen+:    It increases your rate of health regeneration.
 f - the -1 pair of gloves "Wywnerut" {rF+ Int+4 Dex+3}
   (You found it on level 1 of the Elven Halls)

   Int+4:     It affects your intelligence (+4).
   Dex+3:     It affects your dexterity (+3).
   rF+:       It protects you from fire.
 y - a +1 kite shield of protection (worn)
 J - a +0 pair of boots (worn)
 N - a +2 hat of intelligence (worn)
 S - a +8 crystal plate armour of cold resistance (worn)
 U - a +1 kite shield of cold resistance
Jewellery
 g - a ring of positive energy
 u - the amulet "Xuka" (around neck) {Acrobat rElec Int+6}
   (You bought it in a shop on level 2 of the Orcish Mines)

   [amulet of the acrobat]

   Acrobat:   It increases your evasion while moving and waiting.
   Int+6:     It affects your intelligence (+6).
   rElec:     It insulates you from electricity.
 B - a +6 ring of dexterity
 D - a ring of resist corrosion
 M - a ring of willpower (left hand)
 V - a ring of protection from fire
 W - the ring "Guomparch" (right hand) {rF+ Int+4 Dex+2}
   (You found it on level 4 of the Lair of Beasts)

   [ring of protection from fire]

   Int+4:     It affects your intelligence (+4).
   Dex+2:     It affects your dexterity (+2).
   rF+:       It protects you from fire.
 X - a ring of poison resistance
Wands
 p - a wand of warping (30)
 s - a wand of digging (9)
 w - a wand of flame (31) (quivered)
 I - a wand of polymorph (18)
 R - a wand of paralysis (22)
Scrolls
 c - a scroll of revelation
 d - 3 scrolls of butterflies
 k - 5 scrolls of noise
 o - 9 scrolls of teleportation
 r - a scroll of fear
 v - 2 scrolls of silence
 z - a scroll of identify
 A - 6 scrolls of fog
 C - 4 scrolls of blinking
 G - 2 scrolls of enchant weapon
 Z - a scroll of brand weapon
Potions
 b - 7 potions of mutation
 h - a potion of resistance
 j - 16 potions of curing
 m - 4 potions of invisibility
 n - 2 potions of might
 q - a potion of cancellation {unknown}
 t - 8 potions of enlightenment
 x - 4 potions of magic
 F - 6 potions of heal wounds
 L - 2 potions of berserk rage
 O - 4 potions of attraction
Miscellaneous
 T - a phial of floods


   Skills:
 O Level 27 Fighting
 - Level 20.0 Axes
 - Level 0.6 Throwing
 - Level 19.0 Armour
 - Level 2.1 Dodging
 - Level 19.6 Shields
 + Level 11.9 Evocations


You had 18 spell levels left.
You didn't know any spells.
Your spell library was empty.

Dungeon Overview and Level Annotations

Branches:
Dungeon (15/15)            Temple (0/1) D:6            Lair (5/5) D:9
  Swamp (4/4) Lair:3        Snake (4/4) Lair:2        Slime (0/5) Lair:4
    Orc (2/2) D:12            Elf (3/3) Orc:2        Vaults (0/5) D:14
 Depths (0/4) D:15         Bailey (visited)           IceCv (visited)

Altars:
Cheibriados
Dithmenos
Elyvilon
Gozag
Hepliaklqana
Kikubaaqudgha
Qazlal
Trog
Vehumet
Yredelemnul
Zin
The Shining One
Beogh
Jiyva
Lugonu

Shops:
D:2 *   D:7 [   Orc:1 [   Orc:2 =(**   Elf:1 :(**:(*[   Elf:2 (   Elf:3 :
Snake:1 :

Portals:
Abyss: Lair:5
Pandemonium: Orc:2

Annotations:
D:9 3 transporters


Innate Abilities, Weirdness & Mutations

You have a pair of horns on your head.
You reflexively headbutt those who attack you in melee.
You have hidden genetic potential.
You are vulnerable to cold. (rC-)
You are vulnerable to heat. (rF-)


Message History

You furiously retaliate!
You headbutt the ghostly deep elf death mage!
The deep elf high priest utters an invocation to its god.
The deep elf high priest begins emitting a brilliant aura!
The ghostly deep elf death mage is empowered by the deep elf high priest's aura!
The deep elf sorcerer is empowered by the deep elf high priest's aura!
The ghostly deep elf annihilator is empowered by the deep elf high priest's aura!
You cut the deep elf high priest into ribbons!!!
You kill the deep elf high priest!
Trog accepts your kill.
You hit the ghostly deep elf death mage.
The deep elf sorcerer wildly gestures.
The deep elf sorcerer glows brightly for a moment.
The ghostly deep elf annihilator casts a spell at you.
The iron shot hits you!!!
The ghostly deep elf death mage gestures at you while chanting.
The bolt of negative energy misses you.
Your life force feels restored.
You slice the ghostly deep elf death mage!!
The ghostly deep elf death mage is heavily damaged.
You slice the deep elf sorcerer!!
You block the deep elf sorcerer's attack.
You closely miss the ghostly deep elf death mage.
The ghostly deep elf death mage is heavily damaged.
You slice the deep elf sorcerer!!
You block the deep elf sorcerer's attack.
The ghostly deep elf death mage draws life force from you!
The ghostly deep elf death mage is healed by the life force!
You slice the ghostly deep elf death mage like a ripe choko!!!
You destroy the ghostly deep elf death mage!
Trog accepts your kill.
Trog appreciates your killing of a magic user.
You barely miss the deep elf sorcerer.
The deep elf sorcerer points at you and mumbles some strange words.
The bolt of acid hits you!! You resist.
* * * LOW HITPOINT WARNING * * *
The acid corrodes you!
The ghostly deep elf annihilator gestures at you while chanting.
The crystal spear hits you!!!
You die...

..## ##.......## ...##
##.........## ....#
##...........######
....#######.............'...#####
....'.....'.............##.......
....'.....'.......e.....##.......
...#####.##.............##..#####
..## ##.##.....))......##..# .##
###.####...e@.......##..#
..###.....########'#######..#
...###)∩.## #.# #..# ....#.....#
####.#######..#
....###.#######.^.......)...###
....'.....).......###.##......#
....##..##..###..## #.##.####.#
...###..##..# #..# #.##.# #.#
..## #..##''###''## #.##.# ##'###


You could see a ghostly deep elf annihilator (empowered) and a deep elf sorcerer
(fast, empowered).

Vanquished Creatures
  Mara (Elf:3)
  Vashnia (Snake:2)
  5 bone dragons
  The ghost of Dodessio the Severer, an adept DsGl of Jiyva (Elf:1)
  5 deep elf blademasters
  Frances (Swamp:1)
  Gastronok (D:8)
  A tentacled starspawn (Abyss:3)
  Kirke (D:14)
  Donald (Snake:4)
  Aizul (Snake:1)
  4 nagarajas
  Roxanne (D:14)
  2 deep elf elementalists (Elf:3)
  9 deep elf sorcerers
  A balrug (Abyss:2)
  An ironbound preserver (D:14)
  A deep elf death mage (Elf:3)
  3 deep elf demonologists
  2 deep elf annihilators (Elf:3)
  2 bunyips
  5 eleionomae
  A dire elephant (D:15)
  Snorg (Lair:4)
  2 shambling mangroves (Swamp:3)
  3 fire dragons (Swamp:4)
  3 deep elf high priests (Elf:3)
  Josephine (D:13)
  An entropy weaver (D:14)
  Harold (Orc:1)
  Erolcha (D:8)
  A salamander tyrant (Snake:4)
  16 hydras
  2 spriggan air magi
  An ogre mage (D:15)
  7 anacondas
  15 alligators
  A death knight (D:15)
  4 centaur warriors
  A boulder beetle (D:15)
  35 dancing weapons
  7 orc high priests (Orc:2)
  2 tengu warriors
  4 two-headed ogres
  14 naga warriors
  A sun demon (Abyss:3)
  7 thrashing horrors
  9 naga sharpshooters
  7 shock serpents
  21 deep elf knights
  2 spriggan berserkers
  A soul eater (Abyss:3)
  9 skeletal warriors
  A sixfirhy (Abyss:3)
  2 sea snakes (Snake:3)
  2 wretched stars
  4 salamander mystics
  14 mana vipers
  6 swamp dragons
  4 large abominations (Lair:5)
  4 spriggan druids
  5 bog bodies
  12 deep elf archers
  4 goliath frogs
  10 naga ritualists
  A phantasmal warrior (D:15)
  5 orc knights
  4 thermic dynamos (Elf:2)
  An obsidian bat (Orc:2)
  18 deep elf zephyrmancers
  23 deep elf pyromancers
  3 cyclopes
  6 orc sorcerers
  6 will-o-the-wisps
  17 salamanders
  22 ugly things
  4 manticores
  3 kobold blastminers (Orc:1)
  47 black mambas
  An ice statue (IceCv)
  2 guardian serpents
  19 naga magi
  2 orange demons
  3 smoke demons
  2 gargoyles
  18 cane toads
  An unseen horror (D:12)
  3 komodo dragons
  3 kobold demonologists
  An ice devil (IceCv)
  A rime drake (Lair:2)
  2 trolls (shapeshifter)
  2 tengu conjurers
  5 trolls
  4 tyrant leeches
  7 hornets
  A polar bear (shapeshifter) (Elf:2)
  2 polar bears (Lair:3)
  2 raiju
  17 blink frogs
  8 dream sheep
  A centaur simulacrum (D:12)
  4 slime creatures
  5 wraiths
  2 shadows
  A wyvern (D:9)
  9 spriggans
  3 water elementals
  3 air elementals
  A yak (shapeshifter) (Elf:2)
  28 yaks
  5 ynoxinuls
  A vampire (D:14)
  4 fire elementals
  5 basilisks
  A chaos spawn (Lair:5)
  3 hogs (D:14)
  2 wargs
  4 death yak simulacra (IceCv)
  2 steam dragons
  27 vampire mosquitoes
  A harpy simulacrum (IceCv)
  22 swamp worms
  37 nagas
  3 acid dragons
  2 hydra simulacra (IceCv)
  14 water moccasins
  12 swamp drakes
  Duvessa (D:5)
  39 orc warriors
  An ice beast (D:7)
  A sky beast (D:6)
  2 black bears
  4 boggarts (D:14)
  A centaur (shapeshifter) (Elf:1)
  12 small abominations
  14 wolves
  11 ogres
  7 centaurs
  2 weeping skulls (Abyss:2)
  2 kobold brigands
  11 bullfrogs
  3 earth elementals
  A gnoll sergeant (D:6)
  A scorpion (D:7)
  5 cane toad simulacra (IceCv)
  4 two-headed ogre simulacra (IceCv)
  16 wights
  Dowan (D:5)
  7 killer bees
  An elephant simulacrum (IceCv)
  8 electric eels
  14 howler monkeys
  A lava snake (Swamp:4)
  3 bombardier beetles
  A quasit (Abyss:2)
  A hound (shapeshifter) (D:14)
  29 orc priests
  2 jellies
  2 gnoll boudas
  10 hounds
  2 sleepcaps
  Jessica (D:3)
  2 iguanas
  12 orc wizards
  Natasha (thrice) (D:2)
  4 spriggan simulacra (IceCv)
  Terence (D:3)
  6 troll simulacra (IceCv)
  4 polar bear simulacra (IceCv)
  2 wolf simulacra (IceCv)
  Robin (D:2)
  9 gnolls
  8 adders
  3 naga simulacra (IceCv)
  3 shadow imps
  19 white imps
  8 ufetubi
  3 dart slugs
  4 ribbon worms
  63 orcs
  6 ball pythons
  4 bats
  11 endoplasms
  2 giant cockroaches
  22 hobgoblins
  11 kobolds
  2 quokkas
  8 frilled lizards
  28 goblins
  6 rats
  A starspawn tentacle (Abyss:3)
1244 creatures vanquished.

Vanquished Creatures (collateral kills)
  A nagaraja (Snake:4)
  2 deep elf death magi (Elf:3)
  A dancing weapon (Elf:1)
  A naga warrior (Snake:4)
  A deep elf archer (Elf:1)
  A deep elf pyromancer (Elf:1)
  A salamander (Snake:4)
  A fire elemental (Elf:1)
  A naga (Snake:4)
10 creatures vanquished.

Vanquished Creatures (others)
  Nessos (D:12)
  3 deep elf knights (Elf:1)
  A deep elf pyromancer (Elf:2)
  A deep elf zephyrmancer (Elf:1)
  A naga mage (Snake:2)
  A bloated husk (Swamp:1)
  A swamp drake (Swamp:4)
  A white imp (IceCv)
  24 foxfires
  3 starspawn tentacles (Abyss:3)
37 creatures vanquished.

Grand Total: 1291 creatures vanquished

Notes
Turn   | Place    | Note
-------+----------+-------------------------------------------
     0 | D:1      | partyrob117 the Minotaur Berserker began the quest for the
                  | Orb.
     0 | D:1      | Reached XP level 1. HP: 19/19 MP: 0/0
    78 | D:1      | Reached skill level 4 in Fighting
   105 | D:1      | Reached XP level 2. HP: 27/27 MP: 1/1
   760 | D:2      | Reached ** piety under Trog
   768 | D:2      | Reached XP level 3. HP: 35/35 MP: 2/2
   810 | D:2      | Noticed Robin
   817 | D:2      | Reached skill level 5 in Fighting
   822 | D:2      | Killed Robin
   958 | D:2      | Found Jimic's General Store.
  1016 | D:2      | Noticed Natasha
  1026 | D:2      | Killed Natasha
  1027 | D:2      | Reached XP level 4. HP: 28/42 MP: 3/3
  1320 | D:2      | Found a faded altar of an unknown god.
  1407 | D:2      | Reached skill level 5 in Axes
  1550 | D:2      | Reached XP level 5. HP: 50/50 MP: 4/4
  1592 | D:2      | Noticed Natasha
  1603 | D:2      | Killed Natasha
  1604 | D:2      | Reached skill level 6 in Fighting
  1880 | D:2      | Noticed Natasha
  1891 | D:2      | Killed Natasha
  2083 | D:3      | Noticed Terence
  2090 | D:3      | Killed Terence
  2221 | D:3      | Noticed Jessica
  2240 | D:3      | Killed Jessica
  2333 | D:3      | Found an ancient bone altar of Kikubaaqudgha.
  2512 | D:3      | Reached XP level 6. HP: 58/58 MP: 5/5
  2634 | D:4      | Reached *** piety under Trog
  2677 | D:4      | Found a basalt altar of Yredelemnul.
  2928 | D:4      | Found an opulent altar of Gozag.
  3114 | D:4      | Reached skill level 7 in Fighting
  3297 | D:5      | Entered Level 5 of the Dungeon
  3374 | D:6      | Reached skill level 8 in Fighting
  3462 | D:5      | Reached skill level 9 in Fighting
  3462 | D:5      | Reached XP level 7. HP: 68/70 MP: 6/6
  3462 | D:5      | Noticed Duvessa
  3476 | D:5      | Killed Duvessa
  3477 | D:5      | Reached skill level 10 in Fighting
  3488 | D:5      | Noticed Dowan
  3500 | D:5      | Reached skill level 11 in Fighting
  3513 | D:5      | Killed Dowan
  3683 | D:5      | Reached skill level 12 in Fighting
  3853 | D:6      | Reached XP level 8. HP: 67/85 MP: 7/7
  3980 | D:5      | Reached skill level 13 in Fighting
  4132 | D:5      | Found a glowing golden altar of the Shining One.
  4132 | D:5      | Found a glowing silver altar of Zin.
  4132 | D:5      | Found a white marble altar of Elyvilon.
  4773 | D:6      | Found a staircase to the Ecumenical Temple.
  4803 | D:7      | Reached skill level 14 in Fighting
  4948 | D:6      | Reached skill level 1 in Shields
  4966 | D:6      | Found a stormy altar of Qazlal.
  5276 | D:6      | Reached skill level 15 in Fighting
  5771 | D:7      | Found Tonenuvu's Armour Boutique.
  5778 | D:7      | Bought a +0 pair of boots for 63 gold pieces
  5854 | D:7      | Reached skill level 16 in Fighting
  6005 | D:7      | Reached **** piety under Trog
  6021 | D:7      | Reached XP level 9. HP: 70/101 MP: 8/8
  6199 | D:7      | Reached skill level 17 in Fighting
  6208 | D:8      | Noticed Gastronok
  6804 | D:7      | Found a snail-covered altar of Cheibriados.
  6859 | D:7      | Found a bloodstained altar of Trog.
  6910 | D:8      | Reached skill level 5 in Shields
  7234 | D:8      | Killed Gastronok
  7235 | D:8      | Reached XP level 10. HP: 111/111 MP: 9/9
  7376 | D:8      | Found a runed translucent door.
  7672 | D:9      | Noticed Erolcha
  7680 | D:8      | Killed Erolcha
  7681 | D:8      | Reached skill level 10 in Axes
  7995 | D:8      | Found a roughly hewn altar of Beogh.
  8150 | D:9      | Found a staircase to the Lair.
  8160 | D:10     | Entered Level 10 of the Dungeon
  8228 | D:10     | Found a flagged portal.
  8236 | Bailey   | Entered a bailey
  8267 | Bailey   | HP: 7/166 [electric eel/bolt of electricity (13)]
  8267 | Bailey   | HP: 2/166 [electric eel/bolt of electricity (5)]
  8628 | Bailey   | Noticed a rust devil
  8747 | Bailey   | Reached ***** piety under Trog
  9010 | Bailey   | Found an iron altar of Okawaru.
  9015 | Bailey   | Noticed a rust devil
  9018 | Bailey   | Noticed a sun demon
  9019 | Bailey   | Reached XP level 11. HP: 112/117 MP: 10/10
  9046 | Bailey   | Reached skill level 10 in Shields
  9259 | Bailey   | Acquired the scarf of Nesseikitt {rC+ rF+, rN+ rCorr Int+2
                  | Slay+2}
  9288 | Bailey   | Acquired the +1 pair of gloves "Wierph" {rF- Regen+ Str+4
                  | Int+5}
  9677 | D:9      | Found a transporter.
  9683 | D:9      | Found a transporter.
  9743 | D:9      | Found a transporter.
  9854 | D:9      | Found a transporter.
 10454 | D:11     | Noticed a green ugly thing
 10457 | D:11     | Killed a green ugly thing
 10900 | D:2      | Bought a potion of curing for 30 gold pieces
 10900 | D:2      | Bought a scroll of blinking for 75 gold pieces
 10900 | D:2      | Bought a scroll of brand weapon for 95 gold pieces
 11136 | D:11     | Noticed a two-headed ogre
 11139 | D:11     | Killed a two-headed ogre
 11158 | D:11     | Identified the +0 ring mail of Distant Worlds {Dex+3}
 11171 | D:11     | Received a gift from Trog
 11269 | D:12     | Noticed a skeletal warrior
 11271 | D:12     | Noticed a skeletal warrior
 11271 | D:12     | Noticed a skeletal warrior
 11293 | D:12     | Killed a skeletal warrior
 11293 | D:12     | Killed a skeletal warrior
 11296 | D:12     | Killed a skeletal warrior
 11297 | D:12     | Reached skill level 15 in Axes
 11360 | D:12     | Noticed Nessos
 11364 | D:12     | Killed Nessos
 11365 | D:12     | Reached skill level 5 in Armour
 11425 | D:12     | Noticed a skeletal warrior
 11433 | D:12     | Killed a skeletal warrior
 11475 | D:12     | Reached XP level 12. HP: 97/125 MP: 11/11
 11503 | D:12     | Found a frozen archway.
 11526 | IceCv    | Entered an ice cave
 12300 | D:12     | Found a staircase to the Orcish Mines.
 12482 | D:12     | Identified the +7 falchion of Action {venom, ^Drain rElec
                  | rC+ Dex+4}
 12749 | Lair:1   | Entered Level 1 of the Lair of Beasts
 13225 | Lair:2   | Reached ****** piety under Trog
 13225 | Lair:2   | Received a gift from Trog
 13698 | Lair:2   | Reached XP level 13. HP: 132/132 MP: 12/12
 13945 | Lair:2   | Found a staircase to the Snake Pit.
 14668 | Lair:3   | Identified the +5 spear of Duty {spect, Dex+2}
 14895 | Lair:3   | Found a staircase to the Swamp.
 15109 | Lair:4   | Found a runed translucent door.
 15111 | Lair:4   | Found a viscous altar of Jiyva.
 15112 | Lair:4   | Found a staircase to the Slime Pits.
 15117 | Lair:5   | Entered Level 5 of the Lair of Beasts
 15123 | Lair:4   | Identified the ring "Guomparch" {rF+ Int+4 Dex+2}
 15220 | Lair:4   | Noticed Snorg
 15234 | Lair:4   | Killed Snorg
 15243 | Lair:5   | Reached skill level 10 in Armour
 16661 | Lair:5   | Received a gift from Trog
 16681 | Lair:5   | Reached skill level 18 in Fighting
 16696 | Lair:5   | Reached XP level 14. HP: 123/143 MP: 13/13
 16733 | Lair:5   | Found a corrupted altar of Lugonu.
 16733 | Lair:5   | Found a one-way gate to the infinite horrors of the Abyss.
 17467 | Orc:1    | Entered Level 1 of the Orcish Mines
 17497 | Orc:1    | Found a roughly hewn altar of Beogh.
 17597 | Orc:1    | Found Warav's Antique Armour Emporium.
 17627 | Orc:1    | Noticed Harold
 17651 | Orc:1    | Killed Harold
 17907 | Orc:2    | Entered Level 2 of the Orcish Mines
 18091 | Orc:2    | Found a staircase to the Elven Halls.
 18259 | Orc:2    | Found Jovoem's General Store.
 18260 | Orc:2    | Found Rysebugua's General Store.
 18291 | Orc:2    | Reached skill level 19 in Fighting
 18307 | Orc:2    | Received a gift from Trog
 18609 | Orc:2    | Paralysed by an orc sorcerer for 4 turns
 18685 | Orc:2    | Found Guughuse's Antique Weapon Emporium.
 18685 | Orc:2    | Found Iwnirchi's Jewellery Shoppe.
 18689 | Orc:2    | Found a one-way gate leading to the halls of Pandemonium.
 19019 | Swamp:1  | Entered Level 1 of the Swamp
 19060 | Swamp:1  | Noticed Frances
 19087 | Swamp:1  | Killed Frances
 19132 | Swamp:1  | Reached skill level 1 in Evocations
 19348 | Swamp:1  | Reached skill level 15 in Armour
 19377 | Swamp:2  | Reached XP level 15. HP: 129/155 MP: 14/14
 19901 | Swamp:2  | Received a gift from Trog
 20030 | Swamp:4  | Entered Level 4 of the Swamp
 20077 | Swamp:3  | Found a shadowy altar of Dithmenos.
 20658 | Swamp:3  | Upgraded the game from 0.32-a0-871-ge202e49faa to
                  | 0.32-a0-872-g59262bdc9b
 21398 | Swamp:4  | Reached skill level 20 in Fighting
 21565 | Swamp:4  | Got a decaying rune of Zot
 21614 | Swamp:4  | Reached XP level 16. HP: 165/165 MP: 15/15
 22345 | D:13     | Noticed Josephine
 22349 | D:13     | Killed Josephine
 22446 | D:13     | Received a gift from Trog
 22848 | D:13     | Reached skill level 21 in Fighting
 23179 | D:14     | Found a gate to the Vaults.
 23263 | D:15     | Entered Level 15 of the Dungeon
 23509 | D:14     | Reached skill level 5 in Evocations
 23672 | D:14     | Noticed Roxanne
 23685 | D:14     | Killed Roxanne
 23733 | D:14     | Reached skill level 22 in Fighting
 23782 | D:14     | Noticed Kirke
 23799 | D:14     | Killed Kirke
 24258 | D:15     | Found a radiant altar of Vehumet.
 24440 | D:15     | Found a staircase to the Depths.
 24475 | D:15     | Reached skill level 23 in Fighting
 24491 | D:15     | Received a gift from Trog
 24571 | D:15     | Found a hazy altar of Hepliaklqana.
 25001 | Orc:2    | Bought the amulet "Xuka" {Acrobat rElec Int+6} for 849 gold
                  | pieces
 25113 | Orc:1    | Bought a spiked scale mail for 234 gold pieces
 25113 | Orc:1    | Identified the +4 scale mail "Giluykk" {rF- rC++ Regen+
                  | rCorr} (You bought it in a shop on level 1 of the Orcish
                  | Mines)
 25582 | Snake:1  | Entered Level 1 of the Snake Pit
 25636 | Snake:1  | Identified the serpent talisman of Demedghoe {Fly Will+
                  | Int+3 Dex+4}
 25636 | Snake:1  | Noticed Aizul
 25654 | Snake:1  | Killed Aizul
 26071 | Snake:1  | Found Mutyleel's Self-Published Books.
 26078 | Snake:1  | Reached XP level 17. HP: 181/181 MP: 16/16
 26197 | Snake:1  | Reached skill level 24 in Fighting
 26305 | Snake:2  | Acquired a manual of Shields
 26774 | Snake:2  | Received a gift from Trog
 26999 | Snake:2  | Noticed Vashnia
 27055 | Snake:2  | Killed Vashnia
 27481 | Snake:3  | Reached skill level 15 in Shields
 27629 | Snake:4  | Entered Level 4 of the Snake Pit
 28298 | Snake:4  | Received a gift from Trog
 28774 | Snake:4  | Noticed Donald
 28814 | Snake:4  | Killed Donald
 29151 | Snake:4  | Identified the +0 robe of Omission {rElec rC+ Will+ Str+4}
 29219 | Snake:4  | Reached XP level 18. HP: 177/190 MP: 17/17
 29593 | Snake:4  | Got a serpentine rune of Zot
 29695 | Snake:4  | Received a gift from Trog
 30030 | Elf:1    | Entered Level 1 of the Elven Halls
 30031 | Elf:1    | Upgraded the game from 0.32-a0-872-g59262bdc9b to
                  | 0.32-a0-876-gcfddb08e57
 30066 | Elf:1    | Noticed a Brimstone Fiend
 30173 | Elf:1    | Found Tiesye's Book Emporium.
 30192 | Elf:1    | Found Qompih's Antique Weapon Shop.
 30240 | Elf:1    | Found Etexifar's Assorted Antiques.
 30242 | Elf:1    | Found Gudykin's Assorted Antiques.
 30244 | Elf:1    | Found Qutupt's Book Boutique.
 30256 | Elf:1    | Bought a tiny copper amulet for 140 gold pieces
 30256 | Elf:1    | Bought a shiny jade ring for 140 gold pieces
 30274 | Elf:1    | Found Ycoenide's Antique Weapon Shoppe.
 30285 | Elf:1    | Paralysed by an air elemental for 1 turns
 30383 | Elf:1    | Found Uginiy's Assorted Antiques.
 30388 | Elf:1    | Bought a potion of mutation for 248 gold pieces
 30388 | Elf:1    | Bought a potion of heal wounds for 155 gold pieces
 30388 | Elf:1    | Bought a potion of might for 124 gold pieces
 30388 | Elf:1    | Bought a scroll of fog for 124 gold pieces
 30388 | Elf:1    | Bought a scroll of teleportation for 93 gold pieces
 30388 | Elf:1    | Bought a scroll of identify for 62 gold pieces
 30388 | Elf:1    | Bought a scroll of enchant weapon for 232 gold pieces
 30422 | Elf:1    | Paralysed by an air elemental for 1 turns
 30567 | Elf:2    | Identified the +2 chain mail of the Hunter {+Blink Stlth+}
 30593 | Elf:1    | Found a transporter.
 30593 | Elf:1    | Noticed Dodessio's ghost (adept DsGl)
 30597 | Elf:1    | Found a transporter.
 30635 | Elf:1    | Killed Dodessio's ghost
 30651 | Elf:1    | Identified the -1 pair of gloves "Wywnerut" {rF+ Int+4
                  | Dex+3}
 30754 | Elf:1    | Found Junlukin's Antique Armour Shoppe.
 30764 | Elf:1    | Received a gift from Trog
 31447 | Elf:2    | Reached skill level 25 in Fighting
 31454 | Elf:2    | Received a gift from Trog
 31512 | Elf:3    | Entered Level 3 of the Elven Halls
 31568 | Elf:2    | Found Zischas's Antique Weapon Shoppe.
 31585 | Elf:2    | Bought a pitted broad axe for 234 gold pieces
 31585 | Elf:2    | Identified the +0 broad axe of Jaenifolidgh {freeze,
                  | *Corrode rElec rC+ Dex+3} (You bought it in a shop on level
                  | 2 of the Elven Halls)
 31669 | Elf:2    | Found a runed translucent gate.
 31670 | Elf:2    | Found a runed translucent gate.
 31670 | Elf:2    | Found a runed translucent gate.
 31847 | Elf:2    | Reached XP level 19. HP: 201/202 MP: 18/18
 31992 | Elf:2    | Reached skill level 26 in Fighting
 32008 | Elf:2    | Identified the blade talisman of the Game Afoot {rN+++ MP-9
                  | Dex+3 Slay+5}
 32391 | Elf:3    | Noticed Mara
 32405 | Elf:3    | Noticed partyrob117's illusion
 32422 | Elf:3    | Noticed partyrob117's illusion
 32452 | Elf:3    | Killed Mara
 32452 | Elf:3    | Received a gift from Trog
 32605 | Elf:3    | Found Tialud's One-of-a-Kind Books.
 32840 | Abyss:2  | Cast into level 2 of the Abyss (a deep elf demonologist)
 32846 | Abyss:2  | Found a corrupted altar of Lugonu.
 32868 | Abyss:2  | Found a corrupted altar of Lugonu.
 32882 | Abyss:2  | Found a corrupted altar of Lugonu.
 32882 | Abyss:2  | Found a corrupted altar of Lugonu.
 32899 | Abyss:2  | Noticed a bone dragon
 32909 | Abyss:2  | Killed a bone dragon
 32928 | Abyss:2  | Noticed a bone dragon
 32945 | Abyss:2  | Killed a bone dragon
 33037 | Abyss:3  | Gained mutation: You expend magic power (3 MP) to
                  | strengthen your wands. [potion of mutation]
 33037 | Abyss:3  | Gained mutation: You are strong-willed. (Will+) [potion of
                  | mutation]
 33038 | Abyss:3  | Lost mutation: You are strong-willed. (Will+) [potion of
                  | mutation]
 33038 | Abyss:3  | Lost mutation: You expend magic power (3 MP) to strengthen
                  | your wands. [potion of mutation]
 33038 | Abyss:3  | Gained mutation: You occasionally lose the ability to drink
                  | potions when taking damage. [potion of mutation]
 33039 | Abyss:3  | Lost mutation: You occasionally lose the ability to drink
                  | potions when taking damage. [potion of mutation]
 33039 | Abyss:3  | Gained mutation: You are vulnerable to heat. (rF-) [potion
                  | of mutation]
 33039 | Abyss:3  | Gained mutation: You are vulnerable to cold. (rC-) [potion
                  | of mutation]
 33039 | Abyss:3  | Gained mutation: You have hidden genetic potential. [potion
                  | of mutation]
 33045 | Abyss:3  | Found a candlelit altar of Ignis.
 33154 | Abyss:4  | Found a corrupted altar of Lugonu.
 33154 | Abyss:4  | Noticed a bone dragon
 33173 | Abyss:4  | Killed a bone dragon
 33174 | Abyss:4  | Reached skill level 27 in Fighting
 33178 | Abyss:4  | Noticed a bone dragon
 33181 | Abyss:4  | Noticed a bone dragon
 33206 | Abyss:4  | Killed a bone dragon
 33207 | Abyss:4  | Reached skill level 10 in Evocations
 33208 | Abyss:4  | Found a corrupted altar of Lugonu.
 33215 | Abyss:4  | Killed a bone dragon
 33219 | Elf:3    | Escaped the Abyss
 33225 | Elf:3    | Paralysed by an air elemental for 1 turns
 33355 | Elf:3    | Identified the +10 short sword of the Sky {freeze, Will+}
 33404 | Elf:3    | Noticed a Tzitzimitl
 33455 | Elf:3    | Noticed a Brimstone Fiend
 33544 | Elf:3    | Killed from afar by a ghostly deep elf annihilator

Illustrated notes

Levels and vault maps discovered:
D:1:      minmay_arrival_up_and_down, layout_basic
D:2:      cheibrodos_greedy_goblins, layout_basic,
          shapermc_ecumenical_altar_rom_forum, serial_shops, shop_statue,
          hangedman_decor_clover_reticule, hangedman_decor_push,
          chequers_serial_rivers_micro_b, uniq_robin, uniq_natasha
D:3:      layout_rooms, lemuel_round_altar, uniq_jessica, uniq_terence
D:4:      layout_loops_ring, mainiacjoe_overflow_brackets,
          nicolae_gozag_cash_rules_everything_around_me
D:5:      layout_basic, dreamdust_divine_triumvirate, uniq_duvessa
D:6:      wad_crossroads, layout_basic, mainiacjoe_overflow_small_starburst,
          minmay_temple_entry_drinking_statues
D:7:      layout_gridville, kennysheep_mini, cheibriados_altar_1, serial_shops,
          nicolae_shop_window_shopping, eino_tiny_chamber, nicolae_the_louvre
D:8:      layout_cave_pools, lightli_church_of_beogh, uniq_gastronok
D:9:      layout_rooms, lair_entry_dummy, nicolae_transporter_intersection,
          uniq_erolcha
D:10:     layout_roguey, enter_bailey_3, chequers_jeans
D:11:     layout_loops_ring
D:12:     layout_roguey, orc_0_dummy, serial_ice, serial_ice_c, serial_ice_l,
          serial_ice_m, serial_ice_d, portal_ice_cave_entry_imps,
          gauntlet_entry_generic, uniq_nessos
D:13:     layout_basic, uniq_josephine
D:14:     layout_irregular_city, hellmonk_vaults_order_and_chaos, uniq_kirke,
          uniq_roxanne
D:15:     hangedman_depths_entry_try_elsewhere_first, layout_rooms,
          nicolae_vehumet_radiance, serial_curves, eino_curves_01,
          eino_curves_04, eino_curves_04, nzn_hepliaklqana_mist_gate
Lair:1:   layout_gridlike, minivault_19, grunt_megastairs_2
Lair:2:   layout_regular_city, alex1729_snake_entry_snake, minmay_holes,
          dreamdust_gnoll_shepherd
Lair:3:   beast_lair_carwin_large_1, layout_regular_city,
          nicolae_swamp_entry_splash_gauntlet, grunt_forest_stairs_clearing
Lair:4:   layout_layer_cave, slime_entry_2, serial_bayou_lagoon_a, uniq_snorg
Lair:5:   hellmonk_lair_end_abyssal_woods, layout_cave_pods
Swamp:1:  layout_basic_swamp, evilmike_swamp_ruin_rubble_2,
          infiniplex_staircase_pool, uniq_frances
Swamp:2:  nicolae_swamp_standing_stones, layout_basic_swamp,
          evilmike_swamp_ruin_rubble_1, nicolae_swamp_decorative_isthmus
Swamp:3:  layout_basic_swamp, basic_altar
Swamp:4:  swamp_fiery, layout_basic_swamp
Snake:1:  layout_misc_corridors, nicolae_snake_gridmaze_big_u,
          nicolae_custom_books, serial_library_regret_index_split_case,
          uniq_aizul
Snake:2:  layout_rooms, uniq_vashnia
Snake:3:  nicolae_snake_nest, layout_honeycomb, serial_bayou_pond_b,
          serial_bayou_shore_b
Snake:4:  snake_pit, layout_cave_town, uniq_donald
Orc:1:    layout_diamond_mine, serial_shops, nicolae_shop_tiny_real_fake_doors,
          basic_altar, uniq_harold
Orc:2:    pf_orc_diabolical, layout_diamond_mine
Elf:1:    eino_elf_arrival_customs, layout_rooms, gammafunk_ghost_arena,
          serial_shops, shop, nicolae_shop_rolling_square, shop, shop,
          nicolae_shop_rolling_square, hangedman_elven_crosses_minicolossus,
          minmay_shop_star
Elf:2:    nicolae_elf_blades_crystal_corner, layout_loops_ring, serial_shops,
          nicolae_shop_crystal, st_stairs_8
Elf:3:    minmay_elf_hall_quartered_circle, layout_gridlike, nicolae_rare_books,
          dreamdust_princess_corridor, minivault_4,
          roderic_lattice_octagonal_star, uniq_mara

Skill      XL: |  1  2  3  4  5  6  7  8  9 10 11 12 13 14 15 16 17 18 19 |
---------------+----------------------------------------------------------+-----
Fighting       | 4 5 6 9 12 16 17 18 19 20 23 24 25 27 | 27.0
Axes           | 4 5 6 9 12 15 18 20 | 20.0
Shields        | 3 7 9 10 18 19 | 19.6
Armour         | 5 8 12 15 19 | 19.0
Evocations     | 2 4 5 6 9 11 | 11.9
Throwing       | |  0.6
Dodging        | |  2.1

Action                     |  1- 3 |  4- 6 |  7- 9 | 10-12 | 13-15 | 16-18 | 19-21 || total
---------------------------+-------+-------+-------+-------+-------+-------+-------++-------
  Melee: Hand axe          |    85 |   152 |   140 |       |       |       |       ||   377
         Headbutt          |     9 |    23 |    55 |   122 |   203 |   273 |    94 ||   779
         War axe           |       |       |   103 |   141 |       |       |       ||   244
         Broad axe         |       |       |       |   410 |   913 |  1093 |   340 ||  2756
  Throw: Throwing net      |       |       |       |     1 |     1 |       |       ||     2
 Invoke: Trog's Hand       |       |     2 |     4 |     4 |     2 |     5 |     5 ||    22
         Berserk           |       |     1 |     4 |     4 |       |     1 |       ||    10
         Brothers in Arms  |       |       |       |       |       |     4 |     4 ||     8
  Evoke: Wand              |       |       |       |       |    14 |    32 |    15 ||    61
    Use: Scroll            |       |       |       |    30 |    14 |    13 |     8 ||    65
         Potion            |       |       |       |       |     1 |     4 |     6 ||    11
   Stab: Invisible         |       |       |       |       |     1 |     1 |       ||     2
         Distracted        |       |       |       |       |     1 |       |     1 ||     2
 Armour: Animal skin       |    38 |       |       |       |       |       |       ||    38
         Ring mail         |    11 |    92 |   159 |       |       |       |       ||   262
         Plate armour      |       |       |    56 |   240 |       |       |       ||   296
         Crystal plate arm |       |       |       |    47 |   813 |   791 |   362 ||  2013
  Dodge: Dodged            |    44 |    66 |   191 |   165 |   286 |   283 |    88 ||  1123
  Block: Buckler           |       |       |    49 |   178 |       |       |       ||   227
         Reflection        |       |       |       |    18 |    49 |    11 |       ||    78
         Kite shield       |       |       |       |    84 |   777 |   768 |   320 ||  1949

Table legend: (Time is in decaauts)
 A = Elapsed time spent in this place.
 B = Non-inter-level travel time spent in this place.
 C = Inter-level travel time spent in this place.
 D = Time resting spent in this place.
 E = Time spent auto-exploring this place.
 F = Levels seen in this place.
 G = Mean time per level.
                   A        B        C        D        E       F      G
               +--------+--------+--------+--------+--------+-----+--------+
         Total |  33409 |  29868 |   3541 |   3983 |  18574 |  38 |  879.2 |
       Dungeon |  14499 |  12519 |   1980 |   1453 |   8505 |  15 |  966.6 |
          Lair |   4835 |   4251 |    584 |      0 |   3536 |   5 |  967.0 |
         Swamp |   3194 |   3047 |    147 |    605 |   1362 |   4 |  798.5 |
     Snake Pit |   4131 |   3914 |    217 |    723 |   2187 |   4 | 1032.8 |
  Orcish Mines |   1601 |   1245 |    356 |     64 |    865 |   2 |  800.5 |
   Elven Halls |   2987 |   2732 |    255 |    368 |   1411 |   3 |  995.7 |
         Abyss |    350 |    350 |      0 |     73 |     84 |   3 |  116.7 |
        Bailey |   1290 |   1290 |      0 |    596 |    451 |   1 | 1290.0 |
      Ice Cave |    519 |    519 |      0 |    100 |    172 |   1 |  519.0 |
               +--------+--------+--------+--------+--------+-----+--------+

Top non-repeatable levels by time:
     D:7: 1674 daAuts
     D:5: 1529 daAuts
     D:2: 1353 daAuts
 Snake:4: 1343 daAuts
  Bailey: 1290 daAuts
 Swamp:4: 1164 daAuts
   Elf:1: 1140 daAuts
 Snake:1: 1095 daAuts
   Orc:2: 1088 daAuts
    D:10: 1080 daAuts
  Lair:4: 1079 daAuts
  Lair:5: 1071 daAuts
 Snake:3: 1030 daAuts
    D:12: 983 daAuts
     D:6: 973 daAuts
